 Dungeon Crawl Stone Soup version 0.27-a0-1181-g5f64966fcc (webtiles) character file.

Game seed: 6922437070270703825

4804 lunkers the Fighter (level 10, -21/89 HPs)
             Began as a Demonspawn Venom Mage on May 13, 2021.
             Was a Priest of Ashenzari.
             Demolished by a centaur warrior simulacrum (26 damage)
             ... on level 10 of the Dungeon on May 17, 2021.
             The game lasted 00:28:33 (14116 turns).

lunkers the Fighter (Demonspawn Venom Mage)        Turns: 14116, Time: 00:28:33

Health: -21/89     AC:  5    Str:  9    XL:     10   Next: 24%
Magic:  20/20      EV: 13    Int: 20    God:    Ashenzari [***...]
Gold:   347        SH: 11    Dex: 13    Spells: 9/22 levels left

rFire    . . .     SeeInvis +   F - +8 hand axe of Toth-Mos's Legacy {speed, rElec, Cun, Fort} (curse)
rCold    . . .     Faith    .   k - +0 buckler "Restrained Relativism" {Cun, Range} (curse)
rNeg     . . .     Spirit   .   G - +0 troll leather armour
rPois    .         Reflect  .   (no helmet)
rElec    +         Harm     .   (no cloak)
rCorr    .         Rampage  .   (no gloves)
Will     +....     Clarity  +   i - +0 pair of boots of Ashenzari's Black Moon {Range, Cun} (curse)
Stlth    ++........             (no amulet)
HPRegen  1.24/turn              w - ring "Clairvoyant Henotheism" {Wiz, Fort, Self} (curse)
MPRegen  0.34/turn              g - ring "Share My Pessimism" {Will+, Comp, Bglg} (curse)

@: no status effects
A: talons 1, large bone plates 2, demonic guardian 1, magic regeneration
a: Renounce Religion, Shatter the Chains


You were on level 10 of the Dungeon.
You worshipped Ashenzari.
Ashenzari was most pleased with you.
You visited 2 branches of the dungeon, and saw 11 of its levels.
You also visited: Sewer and Ossuary.

You collected 563 gold pieces.
You spent 216 gold pieces at shops.

Inventory:

Hand Weapons
 c - a +1 short sword of draining
 e - a +1 dagger of electrocution
 F - the cursed +8 hand axe of Toth-Mos's Legacy (weapon) {speed, rElec, Cun, Fort}
   (You bought it in a shop on level 6 of the Dungeon)

   Attacks with this weapon are significantly faster.
   It insulates you from electricity.
   It has a curse which improves the following skills: Cunning: Dodging and
   Stealth.
   Fortitude: Armour and Shields.
 J - a +5 trident of protection
Missiles
 H - 8 curare-tipped darts
Armour
 i - the cursed +0 pair of boots of Ashenzari's Black Moon (worn) {Range, Cun}
   (You found it on level 2 of the Dungeon)

   It has a curse which improves the following skills: Ranged Combat: Slings,
   Bows, Crossbows and Throwing.
   Cunning:   Dodging and Stealth.
 j - a +0 robe of cold resistance
 k - the cursed +0 buckler "Restrained Relativism" (worn) {Cun, Range}
   (You found it on level 2 of the Dungeon)

   It has a curse which improves the following skills: Cunning: Dodging and
   Stealth.
   Ranged Combat: Slings, Bows, Crossbows and Throwing.
 E - +0 acid dragon scales
 G - a +0 troll leather armour (worn)
Jewellery
 g - the cursed ring "Share My Pessimism" (right hand) {Will+, Comp, Bglg}
   (You found it on level 1 of the Dungeon)

   [ring of willpower]

   It increases your willpower.
   It has a curse which improves the following skills: Companions: Summonings
   and Necromancy.
   Beguiling: Conjurations, Hexes and Translocations.
 w - the cursed ring "Clairvoyant Henotheism" (left hand) {Wiz, Fort, Self}
   (You found it on level 4 of the Dungeon)

   [ring of wizardry]

   It improves your spell success rate.
   It has a curse which improves the following skills: Fortitude: Armour and
   Shields.
   Introspection: Fighting and Spellcasting.
 B - a ring of ice
Wands
 v - a wand of flame (52)
 A - a wand of iceblast (23)
 C - a wand of charming (15)
Scrolls
 m - 3 scrolls of immolation
 p - 4 scrolls of enchant weapon
 r - 11 scrolls of teleportation
 u - 3 scrolls of amnesia
 x - 2 scrolls of enchant armour
 y - 2 scrolls of magic mapping
 I - a scroll of silence
Potions
 a - a potion of flight
 b - 5 potions of might
 d - 3 potions of resistance
 f - a potion of ambrosia
 h - 2 potions of cancellation
 l - 2 potions of berserk rage
 n - 3 potions of curing
 o - 4 potions of haste
 q - 2 potions of mutation
 s - 2 potions of brilliance
 t - 2 potions of magic
 z - 2 potions of lignification
 D - a potion of heal wounds
 K - 2 potions of invisibility


   Skills:
 + Level 10.3(12.0) Fighting
 - Level 3.7 Short Blades
 - Level 1.7(4.4) Dodging
 - Level 1.7(4.4) Stealth
 - Level 4.0(6.7) Shields
 - Level 5.0(6.8) Spellcasting
 - Level 0.8 Transmutations
 - Level 8.0 Poison Magic


You had 9 spell levels left.
You knew the following spells:

 Your Spells              Type           Power      Damage    Failure   Level
a - Poisonous Vapours     Pois/Air       44%        N/A       1%          2
b - Sting                 Tmut/Pois      96%        1d7       1%          1
c - Olgreb's Toxic Radia  Pois           38%        N/A       1%          4
d - Ignite Poison         Fire/Tmut/Pois 18%        N/A       4%          3
e - Mephitic Cloud        Conj/Pois/Air  17%        N/A       5%          3

Your spell library contained the following spells:

 Spells                   Type           Power      Damage    Failure   Level
 Foxfire                  Conj/Fire      28%        2x1d5     4%          1
 Magic Dart               Conj           28%        1d4       4%          1
 Blink                    Tloc           N/A        N/A       8%          2
 Call Imp                 Summ           7%         N/A       8%          2
 Slow                     Hex            7%         N/A       8%          2
 Conjure Flame            Conj/Fire      7%         6-21      16%         3
 Inner Flame              Hex/Fire       7%         N/A       16%         3
 Sticky Flame             Conj/Fire      7%         2d3       43%         4
 Iskenderun's Battlesphe  Conj           7%         2d6       75%         5
 Bolt of Magma            Conj/Fire/Erth 3%         4d5       77%         5
 Fireball                 Conj/Fire      3%         3d4       77%         5
 Freezing Cloud           Conj/Ice/Air   3%         6-21      99%         6
 Iron Shot                Conj/Erth      3%         9d2       99%         6
 Orb of Destruction       Conj           3%         9d1       100%        7
 Spellforged Servitor     Conj/Summ      3%         N/A       100%        7


Dungeon Overview and Level Annotations

Branches:
Dungeon (10/15)            Temple (1/1) D:6            Lair (0/6) D:8
    Orc (0/2) D:9           Sewer (visited)         Ossuary (visited)

Altars:
Ashenzari
Cheibriados
Dithmenos
Fedhas
Hepliaklqana
Kikubaaqudgha
Makhleb
Nemelex Xobeh
Okawaru
Qazlal
Ru
Sif Muna
Trog
Uskayaw
Vehumet
Wu Jian
Xom
Zin
The Shining One

Shops:
D:1 *   D:2 *[   D:6 *[:*

Annotations:
D:9 1 runed translucent door, jasper's ghost, novice DsTm


Innate Abilities, Weirdness & Mutations

You have sharp toenails.
You are mostly covered in large bone plates. (SH +6)
A weak demonic guardian rushes to your aid.
You regenerate magic rapidly.


Message History

The centaur warrior simulacrum is lightly damaged.
You slash the white imp!
You kill the white imp!
The centaur warrior simulacrum hits you.
The centaur warrior simulacrum freezes you!
The centaur warrior simulacrum kicks you but does no damage.
The centaur warrior simulacrum hits you.
The centaur warrior simulacrum freezes you!!
* * * LOW HITPOINT WARNING * * *
The centaur warrior simulacrum kicks you but does no damage.
You slash the centaur warrior simulacrum!
The centaur warrior simulacrum is heavily damaged.
The centaur warrior simulacrum hits you.
* * * LOW HITPOINT WARNING * * *
The centaur warrior simulacrum freezes you!!
* * * LOW HITPOINT WARNING * * *
The centaur warrior simulacrum barely misses you.
Aiming: Throw Flame
Press: ? - help, Shift-Dir - straight line, f - centaur warrior simulacrum
Aim: a centaur warrior simulacrum (heavily damaged, 97% to hit)
The puff of flame hits the centaur warrior simulacrum.
The centaur warrior simulacrum melts!
The centaur warrior simulacrum is severely damaged.
The centaur warrior simulacrum hits you.
* * * LOW HITPOINT WARNING * * *
The centaur warrior simulacrum freezes you!
* * * LOW HITPOINT WARNING * * *
A demonic guardian appears!
You block the centaur warrior simulacrum's attack.
Aiming: Throw Flame
Press: ? - help, Shift-Dir - straight line, f/p - centaur warrior simulacrum
Aim: a centaur warrior simulacrum (severely damaged, ally target, 97% to hit)
The puff of flame hits the centaur warrior simulacrum!
The centaur warrior simulacrum melts!
The centaur warrior simulacrum is almost destroyed.
You block the centaur warrior simulacrum's attack.
The centaur warrior simulacrum kicks you.
* * * LOW HITPOINT WARNING * * *
The centaur warrior simulacrum freezes you!!
You die...

######## ####
#####......# **.... #
##≈≈§..≈§.... ,,
......### #^^##..§≈^^..
,...,..# #≈..#..^#^#^.
.....# #^§^≈..(##... ,
#####5#.# ##≈.≈^^.≈^..^#
* , ......Z.#
#......_...... ,
.......@###.≈..^..≈..§§§
,
#.....#.....§###.....#§§
* *
.....##[..?..§##≈.^≈##.#
,
*#..#........^###≈...^#..
.. ##........(.§≈.≈≈^^#.
, . .....................
,..<.....<......##..... ≈
.≈≈............###..... ≈
.≈...#####......##.....


You could see a centaur warrior simulacrum (ally target) and a friendly white
imp (summoned).

Vanquished Creatures
  A troll (D:7)
  Prince Ribbit (D:6)
  A hornet (D:8)
  A yak (D:8)
  2 wyverns (D:9)
  An acid dragon (D:8)
  A water moccasin (D:8)
  A sky beast (D:8)
  2 black bears
  2 ice beasts
  An orc warrior (D:9)
  2 ogres
  A phantom (D:7)
  4 kobold brigands (D:9)
  4 bullfrogs
  A scorpion (D:8)
  5 gnoll sergeants
  2 water moccasin zombies
  3 killer bees (D:9)
  3 wights (D:7)
  A howler monkey (D:6)
  A centaur zombie (Ossuary)
  3 hounds
  5 jellies
  2 bullfrog zombies
  2 human zombies (Ossuary)
  6 orc priests
  4 iguanas
  3 orc wizards
  A killer bee zombie (D:7)
  A hound skeleton (D:4)
  2 mummies (Ossuary)
  A howler monkey zombie (D:6)
  20 gnolls
  11 adders
  A river rat (D:3)
  A shadow imp (D:8)
  A white imp (D:10)
  An ufetubus (D:5)
  2 adder zombies (Ossuary)
  2 dart slugs
  28 orcs
  10 ball pythons
  17 endoplasms
  5 giant cockroaches
  7 hobgoblins
  7 jackals
  20 kobolds
  3 quokkas
  A bat (D:1)
  10 frilled lizards
  8 goblins
  4 goblin zombies (Ossuary)
  8 hobgoblin zombies (Ossuary)
  11 kobold zombies (Ossuary)
  7 orc zombies (Ossuary)
  5 rats
  A rat zombie (Ossuary)
262 creatures vanquished.

Vanquished Creatures (collateral kills)
  An orc warrior (D:8)
  A gnoll shaman (D:6)
  2 orc wizards
4 creatures vanquished.

Vanquished Creatures (others)
  14 fungi
  4 plants (D:8)
  3 toadstools (D:2)
21 creatures vanquished.

Grand Total: 287 creatures vanquished

Notes
Turn   | Place    | Note
-------+----------+-------------------------------------------
     0 | D:1      | lunkers the Demonspawn Venom Mage began the quest for the
                  | Orb.
     0 | D:1      | Reached XP level 1. HP: 13/13 MP: 3/3
   286 | D:1      | Found Uptex's Assorted Antiques.
   578 | D:1      | Gained mutation: You have sharp toenails. [demonic
                  | ancestry]
   578 | D:1      | Reached XP level 2. HP: 19/19 MP: 3/5
  1071 | D:1      | Learned a level 2 spell: Poisonous Vapours
  1260 | D:1      | Reached XP level 3. HP: 24/24 MP: 3/6
  1591 | D:2      | Found Secsacuar's General Store.
  1682 | D:2      | Found Viara's Armour Shop.
  2016 | D:2      | Found a sacrificial altar of Ru.
  2806 | D:2      | Gained mutation: You are partially covered in large bone
                  | plates. (SH +4) [demonic ancestry]
  2806 | D:2      | Reached XP level 4. HP: 27/30 MP: 3/8
  2980 | D:2      | Reached skill level 5 in Poison Magic
  3057 | D:2      | Reached XP level 5. HP: 14/35 MP: 4/9
  3896 | D:3      | Found a glowing drain.
  3910 | Sewer    | Entered a sewer
  5113 | D:4      | Upgraded the game from 0.27-a0-1149-g4505690ab0 to
                  | 0.27-a0-1158-gaa87e14f67
  5188 | D:4      | Identified the +0 leather armour of the Mantidfly {rPois}
  5218 | D:4      | Reached XP level 6. HP: 22/41 MP: 1/11
  5275 | D:4      | Found a radiant altar of Vehumet.
  5275 | D:4      | Found an iron altar of Okawaru.
  5528 | D:4      | Found a sand-covered staircase.
  5538 | Ossuary  | Entered an ossuary
  6413 | D:4      | Gained mutation: A weak demonic guardian rushes to your
                  | aid. [demonic ancestry]
  6413 | D:4      | Reached XP level 7. HP: 36/46 MP: 10/13
  7253 | D:5      | Entered Level 5 of the Dungeon
  7265 | D:5      | Learned a level 4 spell: Olgreb's Toxic Radiance
  7269 | D:5      | Learned a level 3 spell: Ignite Poison
  7273 | D:5      | Learned a level 3 spell: Mephitic Cloud
  7595 | D:5      | Reached skill level 1 in Fighting
  8416 | D:5      | Reached skill level 5 in Spellcasting
  8562 | D:5      | Reached skill level 2 in Fighting
  8562 | D:5      | Gained mutation: You are mostly covered in large bone
                  | plates. (SH +6) [demonic ancestry]
  8562 | D:5      | Reached XP level 8. HP: 54/56 MP: 7/15
  8879 | D:6      | Found a staircase to the Ecumenical Temple.
  8906 | Temple   | Entered the Ecumenical Temple
  9164 | Temple   | Became a worshipper of Ashenzari the Shackled
  9276 | D:7      | Reached skill level 1 in Short Blades
  9795 | D:6      | Found a hide-covered altar of Uskayaw.
  9926 | D:6      | Reached skill level 3 in Fighting
 10517 | D:6      | Found Kiko Pog's Assorted Antiques.
 10525 | D:6      | Noticed Prince Ribbit
 10539 | D:6      | Killed Prince Ribbit
 10540 | D:6      | Reached skill level 4 in Fighting
 10542 | D:6      | Bought a masterwork hand axe for 216 gold pieces
 10542 | D:6      | Identified the +8 hand axe "Taeno" {speed, rElec} (You
                  | bought it in a shop on level 6 of the Dungeon)
 10792 | D:6      | Found Kireff's Book Shop.
 10797 | D:6      | Upgraded the game from 0.27-a0-1158-gaa87e14f67 to
                  | 0.27-a0-1181-g5f64966fcc
 10809 | D:6      | Found Gigaokib's General Store.
 10891 | D:6      | Found Obofre's Armour Shoppe.
 11121 | D:7      | Reached skill level 5 in Fighting
 11306 | D:7      | Reached skill level 6 in Fighting
 11306 | D:7      | Gained mutation: You regenerate magic rapidly. [demonic
                  | ancestry]
 11306 | D:7      | Reached XP level 9. HP: 35/68 MP: 16/16
 11494 | D:7      | Reached * piety under Ashenzari
 11508 | D:7      | Reached skill level 1 in Shields
 11694 | D:7      | Noticed a troll
 11705 | D:7      | Killed a troll
 11944 | D:7      | Identified the +5 shortbow of Vuts {vorpal, rCorr}
 12215 | D:8      | Reached skill level 7 in Fighting
 12282 | D:8      | Reached ** piety under Ashenzari
 12555 | D:8      | Found a staircase to the Lair.
 12623 | D:8      | Reached skill level 8 in Fighting
 12972 | D:9      | Reached skill level 9 in Fighting
 13292 | D:9      | Reached XP level 10. HP: 63/83 MP: 13/17
 13461 | D:9      | Reached *** piety under Ashenzari
 13462 | D:9      | Found a runed translucent door.
 13462 | D:9      | Found a shimmering altar of Xom.
 13462 | D:9      | Noticed jasper's ghost (novice DsTm)
 13462 | D:9      | Noticed a +2 scimitar of chaos
 13506 | D:9      | Found a staircase to the Orcish Mines.
 13547 | D:9      | Reached skill level 10 in Fighting
 14048 | D:10     | Entered Level 10 of the Dungeon
 14062 | D:10     | Found a stormy altar of Qazlal.
 14115 | D:10     | HP: 4/89 [centaur warrior simulacrum (16)]
 14116 | D:10     | Demolished by a centaur warrior simulacrum

Illustrated notes

Levels and vault maps discovered:
D:1:      wander_arrival_desolate, layout_basic, serial_shops,
          nicolae_shop_crystal
D:2:      cheibrodos_fertilizer, layout_basic, basic_altar, serial_shops,
          nicolae_shop_stone, nicolae_shop_behind_doors
D:3:      layout_loops_ring, gup_sewer_entry_bowl, wad_orctagon
D:4:      layout_basic, gammafunk_temple_overflow_elements,
          lightli_ossuary_entry_decrepit_ruins, minivault_26,
          minmay_fractal_squares_gapless_5
D:5:      layout_loops_ring, kennysheep_flooded_box
D:6:      layout_loops_ring, nicolae_overflow_hidden_temple,
          minmay_temple_entry_statues_fountains, serial_shops, shop, shop, shop,
          shop, minivault_19, uniq_prince_ribbit1
D:7:      layout_basic, lemuel_doored_altar, kennysheep_cross_room
D:8:      layout_rooms, grunt_lair_entry_orc_guard_hut
D:9:      layout_basic, tso_oasis_becter,
          kennysheep_orc_monster_closet_entryway, ebering_ghost_xom,
          minmay_misc_feat_secret_circle
D:10:     layout_cave_pools, kennysheep_ying_yang,
          nicolae_gozag_conspicuous_consumption, grunt_qazlal_sundering,
          serial_ice, serial_ice_m, serial_ice_b, serial_ice_j, serial_ice_h,
          serial_ice_a, serial_ice_d, serial_ice_o, serial_ice_n, serial_ice_c,
          serial_ice_g, hangedman_abyss_or_decor_stabs, serial_bayou_ford_a
Temple:   nicolae_temple_figure_eight

Skill      XL: |  1  2  3  4  5  6  7  8  9 10 |
---------------+-------------------------------+-----
Poison Magic   | 4 5 6 8 |  8.0
Spellcasting   | 3 4 5 |  5.0
Fighting       | 2 6 9 10 | 10.3
Short Blades   | 3 |  3.7
Shields        | 4 |  4.0
Dodging        | |  1.7
Stealth        | |  1.7
Transmutations | |  0.8

Action                   |  1- 3 |  4- 6 |  7- 9 | 10-12 || total
-------------------------+-------+-------+-------+-------++-------
Melee: Unarmed           |    14 |       |       |       ||    14
       Dagger            |    30 |   238 |    81 |       ||   349
       Kick              |     4 |       |       |       ||     4
       Short sword       |     2 |       |       |       ||     2
       Hand axe          |       |       |   107 |    17 ||   124
 Cast: Sting             |    38 |    10 |     7 |       ||    55
       Poisonous Vapours |    32 |    54 |   146 |    29 ||   261
       Olgreb's Toxic Ra |       |       |    21 |     4 ||    25
Invok: Curse Item        |       |       |     4 |     1 ||     5
Evoke: Wand              |       |       |    11 |     4 ||    15
  Use: Scroll            |       |       |     6 |       ||     6
 Stab: Sleeping          |     1 |     2 |     2 |       ||     5
       Paralysed         |       |       |    10 |       ||    10
Armor: Robe              |    14 |    59 |    13 |       ||    86
       Troll leather arm |       |       |    16 |     5 ||    21
Dodge: Dodged            |    40 |   120 |   106 |    20 ||   286
Block: Other             |       |    43 |    29 |       ||    72
       Buckler           |       |       |    46 |    11 ||    57

Table legend: (Time is in decaauts)
 A = Elapsed time spent in this place.
 B = Non-inter-level travel time spent in this place.
 C = Inter-level travel time spent in this place.
 D = Time resting spent in this place.
 E = Time spent auto-exploring this place.
 F = Levels seen in this place.
 G = Mean time per level.
                   A        B        C        D        E       F      G
               +--------+--------+--------+--------+--------+-----+--------+
         Total |  14154 |  13506 |    648 |    835 |  10285 |  13 | 1088.8 |
       Dungeon |  12402 |  11797 |    605 |    457 |   9460 |  10 | 1240.2 |
        Temple |    279 |    236 |     43 |      0 |    234 |   1 |  279.0 |
         Sewer |    684 |    684 |      0 |      0 |    590 |   1 |  684.0 |
       Ossuary |    787 |    787 |      0 |    378 |      0 |   1 |  787.0 |
               +--------+--------+--------+--------+--------+-----+--------+

Top non-repeatable levels by time:
     D:2: 1878 daAuts
     D:7: 1626 daAuts
     D:5: 1606 daAuts
     D:1: 1598 daAuts
     D:6: 1330 daAuts
     D:4: 1281 daAuts
     D:9: 1195 daAuts
     D:3: 1079 daAuts
 Ossuary: 787 daAuts
     D:8: 739 daAuts
   Sewer: 684 daAuts
  Temple: 279 daAuts
    D:10: 66 daAuts
